 Dungeon Crawl Stone Soup version 0.21.0-3-g78d12a8 (console) character file.

175 removed the Ducker (level 5, 16/30 HPs)
             Began as a Deep Elf Warper on Jan 13, 2018.
             Was a Follower of Qazlal.
             Quit the game on level 3 of the Dungeon.
             The game lasted 00:05:35 (3122 turns).

removed the Ducker (Deep Elf Warper)                Turns: 3122, Time: 00:05:35

Health: 16/30      AC:  5    Str:  8    XL:     5   Next: 29%
Magic:  13/13      EV: 14    Int: 19    God:    Qazlal [*.....]
Gold:   62         SH:  1    Dex: 14    Spells: 8/12 levels left

rFire    . . .     SeeInvis .   a - +0 falchion
rCold    . . .     Gourm    .   (no shield)
rNeg     . . .     Faith    .   b - +0 leather armour
rPois    .         Spirit   .   p - +1 helmet
rElec    .         Reflect  .   (no cloak)
rCorr    .         Harm     .   (no gloves)
MR       .....                  (no boots)
Stlth    +.........             (no amulet)
HPRegen  0.10/turn              u - ring of flight
MPRegen  0.13/turn              (no ring)

@: no status effects
A: no striking features
a: Renounce Religion, Evoke Flight


You were on level 3 of the Dungeon.
You worshipped Qazlal.
Qazlal was aware of your devotion.
You were not hungry.

You visited 1 branch of the dungeon, and saw 3 of its levels.

You collected 62 gold pieces.

Inventory:

Hand Weapons
 a - a +0 falchion (weapon)
Missiles
 e - 5 tomahawks of dispersal (quivered)
Armour
 b - a +0 leather armour (worn)
 p - a +1 helmet (worn)
Jewellery
 u - a ring of flight (left hand)
Wands
 s - a wand of iceblast (5)
Scrolls
 d - a scroll of blinking
 l - a scroll of teleportation {unknown}
 m - a scroll of amnesia {unknown}
 q - a scroll of identify {unknown}
 t - a scroll of noise {unknown}
Potions
 j - a potion of heal wounds {unknown}
 n - a potion of might {unknown}
 r - a potion of ambrosia {unknown}
 v - a potion of lignification {unknown}
Books
 c - a book of Spatial Translocations

   Spells                             Type                      Level
   a - Blink                          Translocation                2
   b - Shroud of Golubria             Charms/Translocation         2
   c - Lesser Beckoning               Translocation                3
   d - Gell's Gravitas                Translocation                3
   e - Teleport Other                 Translocation                3
   f - Passage of Golubria            Translocation                4
Comestibles
 f - 2 rations
 w - 2 chunks of flesh


   Skills:
 - Level 2.0 Fighting
 - Level 1.7 Long Blades
 - Level 1.0 Throwing
 - Level 0.7 Armour
 + Level 5.4 Dodging
 - Level 4.0 Spellcasting
 - Level 4.0 Translocations


You had 8 spell levels left.
You knew the following spells:

 Your Spells              Type           Power        Failure   Level  Hunger
a - Shroud of Golubria    Chrm/Tloc      ##........   13%         2    ##.....
l - Blink                 Tloc           N/A          5%          2    ##.....


Dungeon Overview and Level Annotations

Branches:
Dungeon (3/15)

Altars:
Kikubaaqudgha
Okawaru
Qazlal
Sif Muna
Vehumet
Yredelemnul


Message History

You see here a jackal corpse.
You butcher the jackal corpse.
w - 3 chunks of flesh Eat one of 3 chunks of flesh? (ye/n/q)
You eat one of the 3 chunks of flesh.
This raw flesh tastes terrible.
There is a stone staircase leading up, spattered with blood here.
Your shroud unravels.
There is an open door here.
Found an iron altar of Okawaru.
There is an ancient bone altar of Kikubaaqudgha here.
There is a basalt altar of Yredelemnul here.
There is a faded altar of an unknown god here.
You cannot tell which god this altar belongs to.
Convert to them anyway?
Okay, then.
You cannot tell which god this altar belongs to.
Convert to them anyway?
Qazlal accepts your prayer! Qazlal welcomes you!
Qazlal grants you immunity to clouds.
You are surrounded by a storm.
There is an iron altar of Okawaru here.
Are you sure you want to abandon this character and quit the game? (Confirm with "yes".)

### #_# ##.##
##...## #..#..#
#.###.# #.###.##
####.#@...##
#.'..#...._#
#.##.#_...## #
######.##.###.##
#.# #.......#[###.#
#..##.####..#..#..#
##......#...##...##
#......<...>.##.##
#.######.#.....#_#


There were no monsters in sight!

Vanquished Creatures
  The ghost of rabbitfr the Skirmisher, an amateur GrSk (D:3)
  Robin (D:1)
  2 adders (D:2)
  An ooze (D:1)
  A worm (D:2)
  A leopard gecko (D:1)
  5 bats
  A giant cockroach (D:1)
  15 goblins
  3 hobgoblins
  10 jackals
  A quokka (D:2)
  6 frilled lizards
  7 kobolds
  A quokka skeleton (D:2)
  6 rats
62 creatures vanquished.

Notes
Turn   | Place    | Note
-------+----------+-------------------------------------------
     0 | D:1      | removed the Deep Elf Warper began the quest for the Orb.
     0 | D:1      | Reached XP level 1. HP: 12/12 MP: 6/6
    96 | D:1      | Reached skill level 3 in Dodging
   246 | D:1      | Reached XP level 2. HP: 14/16 MP: 8/8
   421 | D:1      | Learned a level 2 spell: Blink
   424 | D:1      | Learned a level 2 spell: Shroud of Golubria
   713 | D:1      | Reached XP level 3. HP: 14/21 MP: 9/9
  1600 | D:2      | Noticed Robin
  2183 | D:1      | Killed Robin
  2244 | D:2      | Reached XP level 4. HP: 26/26 MP: 10/12
  2583 | D:2      | Reached skill level 4 in Dodging
  2728 | D:2      | Found a deep blue altar of Sif Muna.
  3031 | D:3      | Found a basalt altar of Yredelemnul.
  3031 | D:3      | Found a radiant altar of Vehumet.
  3036 | D:3      | Found an ancient bone altar of Kikubaaqudgha.
  3036 | D:3      | Noticed rabbitfr's ghost (amateur GrSk)
  3039 | D:3      | Found a faded altar of an unknown god.
  3057 | D:3      | Killed rabbitfr's ghost
  3057 | D:3      | Reached skill level 5 in Dodging
  3057 | D:3      | Reached XP level 5. HP: 20/30 MP: 13/13
  3101 | D:3      | Found an iron altar of Okawaru.
  3119 | D:3      | Became a worshipper of Qazlal Stormbringer
  3119 | D:3      | Reached * piety under Qazlal
  3122 | D:3      | Quit the game

Skill      XL: |  1  2  3  4 |
---------------+-------------+-----
Dodging        | 3 5 |  5.4
Fighting       | 2 |  2.0
Translocations | 4 |  4.0
Spellcasting   | 4 |  4.0
Long Blades    | |  1.7
Throwing       | |  1.0
Armour         | |  0.7

Action                   |  1- 3 |  4- 6 || total
-------------------------+-------+-------++-------
Melee: Falchion          |   146 |    78 ||   224
 Cast: Shroud of Golubri |    12 |     9 ||    21
Evoke: Wand              |       |     3 ||     3
  Use: Scroll            |       |     3 ||     3
 Stab: Sleeping          |     1 |       ||     1
  Eat: Chunk             |     5 |     3 ||     8
Armor: Leather armour    |    44 |    30 ||    74
Dodge: Dodged            |   175 |    81 ||   256
       Rpst.: Falchion   |    63 |    34 ||    97
